AoeStats
← RyanKW90

Arabia

509916490Analyzed
1v1 RM · 5d ago on Sep 28, 2026· 70m 13s· 2 players
Game mode
Random Map
Map size
Tiny (2 player)
Population
200
Speed
Normal
Resources
Standard
Victory
Conquest
Starting age
Dark Age
Ending age
Imperial Age
RankedLock teamsTeams togetherTeam positionsShared explorationLock speedFull tech treeHidden civsTurbo modeCheats
Victory
Defeat
🇵🇪 Aztecs · Peru
842
+18
🇬🇧 Danes · United Kingdom
881
-18
Hydro
0:27 Loom
12:26 Feudal Age
18:08 Castle Age
16:46 Double-Bit Axe
17:17 Gold Mining
17:33 Stone Mining
18:54 Wheelbarrow
18:03 Horse Collar
19:45 Wheelbarrow
19:50 Stone Shaft Mining
21:14 Bow Saw
22:03 Town Watch
23:57 Hand Cart
24:06 Fervor
26:16 Town Patrol
30:53 Imperial Age
34:01 Conscription
39:07 Squires
38:55 Gambesons
41:41 Pikeman
42:06 Arson
48:15 Forging
48:05 Scale Mail Armor
54:30 Eagle Warrior
61:15 Elite Eagle Warrior
63:40 Iron Casting
64:22 Chain Mail Armor
RyanKW90
11:24 Feudal Age
9:40 Loom
17:06 Castle Age
15:36 Double-Bit Axe
15:54 Horse Collar
17:11 Stone Mining
20:02 Bow Saw
21:41 Arson
25:21 Forging
32:31 Imperial Age
33:56 Husbandry
38:41 Wheelbarrow
40:41 Scale Barding Armor
40:37 Scale Mail Armor
48:42 Elite Skirmisher
51:49 Fletching
52:20 Chain Barding Armor
52:01 Padded Archer Armor
65:12 Thumb Ring
Connection lost

Rejoining the realm…

Still unreachable

The connection could not be restored.

Session expired

The server has moved on; the page needs a fresh start.